 Dungeon Crawl Stone Soup version 0.14-a0-1029-g9530a8b (webtiles) character file.

68 Inkie the Ruffian (level 3, 0/28 HPs)
             Began as a Lava Orc Transmuter on Nov 23, 2013.
             Succumbed to an adder's poison
             ... on Level 2 of the Dungeon.
             The game lasted 00:04:09 (1639 turns).

Inkie the Ruffian (Lava Orc Transmuter)             Turns: 1639, Time: 00:04:10

HP   0/28        AC  4     Str 17      XL: 3   Next: 53%
MP   4/4         EV 12     Int 14      God:
Gold 19          SH  0     Dex 11      Spells:  1 memorised,  4 levels left

Res.Fire  : + + .   See Invis. : .     - Unarmed
Res.Cold  : + . .   Warding    : .   c - +0 orc robe
Life Prot.: . . .   Conserve   : .   (no shield)
Res.Poison: +       Res.Corr.  : .   (no helmet)
Res.Elec. : +       Clarity    : .   (no cloak)
Sust.Abil.: . .     Spirit.Shd : .   (no gloves)
Res.Mut.  : .       Stasis     : .   (no boots)
Res.Rott. : .       Flight     : .   (no amulet)
Saprovore : + . .                    (no ring)
                                     (no ring)

@: mighty, mildly poisoned, not resistant to hostile enchantments, unstealthy
A: conserve scrolls, saprovore 1
a: no special abilities


You were on level 2 of the Dungeon.
You were not hungry.

You visited 1 branch of the dungeon, and saw 2 of its levels.

You collected 19 gold pieces.

Inventory:

Missiles
 b - 12 arrows
 g - 8 darts (quivered)
 j - 2 poisoned darts
Armour
 c - a +0 orcish robe (worn)
Comestibles
 a - a meat ration
 f - 14 sultanas
 q - a sausage
 r - a chunk of adder flesh
Scrolls
 i - a scroll of identify {unknown}
 k - a scroll of random uselessness {unknown}
 m - a scroll of fog {unknown}
Potions
 l - a potion of porridge
Books
 d - a book of Changes

   Spells                             Type                      Level
   *Beastly Appendage                 Transmutation                1
   Sticks to Snakes                   Transmutation                2
   Spider Form                        Transmutation/Poison         3
   Ice Form                           Ice/Transmutation            4
   Blade Hands                        Transmutation                5


   Skills:
 - Level 1.2 Fighting
 - Level 1.5 Dodging
 + Level 5.0 Unarmed Combat
 - Level 1.5 Spellcasting
 - Level 2.6 Transmutations


You had 4 spell levels left.
You knew the following spells:

 Your Spells              Type           Power        Failure   Level  Hunger
a - Beastly Appendage     Trmt           #.....       10%         1    ##.....


Dungeon Overview and Level Annotations

Branches:
Dungeon (2/16)

Altars:


Innate Abilities, Weirdness & Mutations

You have stony skin.
Your flesh is heat resistant.
Your flesh is vulnerable to cold.
Your heat harms attackers.
You bathe your surroundings in blazing heat.
You are too hot to use scrolls.
You are very good at protecting items from fire.
You can tolerate rotten meat.


Message History

You feel sick.
Drink which item? (? for menu, Esc to quit)
You feel extremely strange.
You feel clumsy.
You feel a little pissed off.
It was a potion of mutation.
Drink which item? (? for menu, Esc to quit)
You feel protected.
It was a potion of resistance.
Drink which item? (? for menu, Esc to quit)
It has a very clean taste.
You feel agile.
You feel a little more calm.
It was a potion of cure mutation.
Drink which item? (? for menu, Esc to quit)
Okay, then.
* * * LOW HITPOINT WARNING * * *
You feel sick.
There is an open door here.
* * * LOW HITPOINT WARNING * * *
You feel sick.
You die...

########## #........#
#........# #........#
### #........####.#
#........'....#
#......@.######
#........# ######'###
####.# .# #....# .#
#.#### #######.## #.#
###........#
####'#######..........#
#..........#.#........#


There were no monsters in sight!

Vanquished Creatures
  2 adders (D:2)
  A giant gecko (D:1)
  An ooze (D:1)
  A ball python (D:1)
  4 bats (D:1)
  A giant cockroach (D:1)
  2 hobgoblins (D:1)
  3 jackals (D:1)
  3 kobolds (D:1)
  6 goblins (D:1)
  3 rats (D:1)
27 creatures vanquished.

Notes
Turn   | Place    | Note
--------------------------------------------------------------
     0 | D:1      | Inkie, the Lava Orc Transmuter, began the quest for the Orb.
     0 | D:1      | Reached XP level 1. HP: 16/16 MP: 1/1
   207 | D:1      | Reached XP level 2. HP: 5/23 MP: 2/2
   218 | D:1      | Reached skill level 4 in Unarmed Combat
  1337 | D:1      | Reached XP level 3. HP: 24/28 MP: 4/4
  1601 | D:2      | Reached skill level 5 in Unarmed Combat
  1631 | D:2      | Gained mutation: You are clumsy. (Dex -2) [potion of mutation]
  1631 | D:2      | Gained mutation: You tend to lose your temper in combat. [potion of mutation]
  1633 | D:2      | Lost mutation: You are clumsy. (Dex -2) [potion of cure mutation]
  1633 | D:2      | Lost mutation: You tend to lose your temper in combat. [potion of cure mutation]
  1638 | D:2      | HP: 1/28 [poisoned by an adder]
  1639 | D:2      | Succumbed to an adder's poison

Action                   || total
-------------------------++-------
Melee: Unarmed           ||   119
  Use: Potion            ||     4
 Stab: Sleeping          ||     1
